 Dungeon Crawl Stone Soup version 0.17.0-28-g6e173f8 (webtiles) character file.

311 gorblad the Ducker (level 6, -10/38 HPs)
             Began as a Deep Elf Chaos Knight on Dec 1, 2015.
             Killed by divine providence
             ... invoked by an orc priest
              (17 damage)
             ... on level 4 of the Dungeon.
             The game lasted 00:11:18 (3465 turns).

gorblad the Ducker (Deep Elf Chaos Knight)          Turns: 3465, Time: 00:11:19

Health: -10/38     AC:  7    Str:  9      XL:     6   Next: 18%
Magic:  8/8        EV: 14    Int: 16 (17) God:    Xom [..*...]
Gold:   115        SH:  3    Dex: 14      Spells: 0 memorised, 5 levels left

rFire  . . .     SeeInvis .     a - +1 short sword (chaos)
rCold  . . .     Clarity  +     b - +2 leather armour
rNeg   . . .     SustAt   .     p - +0 buckler
rPois  .         Gourm    .     x - +0 helmet
rElec  .         Spirit   .     l - -1 cloak (curse)
rCorr  .         Warding  .     (no gloves)
rMut   .         Stasis   .     y - +0 pair of boots
MR     .....                    (no amulet)
Stlth  ++........               (no ring)
                                s - ring of stealth

@: lethally poisoned (-10 -> -11), not resistant to hostile enchantments,
unstealthy
A: blurry vision 1, clarity, deterioration 1, screaming 1, weak 1
a: Renounce Religion


You were on level 4 of the Dungeon.
You worshipped Xom.
You were a toy of Xom.
You were hungry.

You visited 1 branch of the dungeon, and saw 4 of its levels.

You collected 115 gold pieces.

Inventory:

Hand Weapons
 a - a +1 short sword of chaos (weapon)
 h - a +2 spear of flaming
Armour
 b - a +2 leather armour (worn)
 d - a +0 helmet
 f - a +0 helmet
 l - a cursed -1 cloak (worn)
 p - a +0 buckler (worn)
 x - a +0 helmet (worn)
 y - a +0 pair of boots (worn)
Jewellery
 s - a ring of stealth (left hand)
Scrolls
 e - a scroll of identify
 j - 2 scrolls of teleportation
 k - a scroll of blinking
 t - a scroll of remove curse
Potions
 g - 3 potions of magic
 i - 3 potions of brilliance {unknown}
 m - 2 potions of curing
 o - 2 potions of might {unknown}
 r - a potion of lignification {unknown}
Comestibles
 c - a bread ration
 n - 2 meat rations
 q - a chunk of flesh
 v - a beef jerky


   Skills:
 - Level 4.0 Fighting
 - Level 3.0 Short Blades
 - Level 0.7 Armour
 + Level 6.4 Dodging


You had 5 spell levels left.
You didn't know any spells.

Dungeon Overview and Level Annotations

Branches:
Dungeon (4/15)
 Temple: D:4-7

Altars:
Gozag


Innate Abilities, Weirdness & Mutations

Scrolls take you a little longer to read.
You possess an exceptional clarity of mind.
Your body sometimes deteriorates upon taking damage.
You occasionally shout uncontrollably at your foes.
You are weak. (Str -2)


Message History

You feel sick. The orc wizard misses you. The orc barely misses you.
The orc priest calls upon Beogh to heal the orc wizard.
The orc wizard is healed somewhat.
The orc completely misses you.
You hit the orc wizard.
You kill the orc wizard!
The orc closely misses you. x2
You hit the orc priest.
The orc priest is lightly wounded.
You are feeling hungry.
You block the orc's attack.
The orc priest calls down the wrath of Beogh upon you.
Something smites you!
* * * LOW HITPOINT WARNING * * *
The orc closely misses you.
The orc throws a tomahawk.
The tomahawk hits you but does no damage.
The orc priest invokes the aid of Beogh against you.
Something smites you!
You die...
Xom cackles wildly!

### #..#
+##..###..##
...........#
....(......#
...........#
...........#
.......†ooo#
..##.####.##
##.####@####
...........#
........<..#
...........#
...........#
...........#
.#...##...##
#### #####


You could see an orc priest and 2 orcs.

Vanquished Creatures
  A scorpion (D:4)
  A worker ant (D:3)
  An orc wizard (D:4)
  A hound skeleton (D:3)
  An adder (shapeshifter) (D:2)
  4 gnolls (D:3)
  3 adders
  An ooze (D:2)
  2 worms (D:2)
  A giant gecko (D:2)
  5 orcs (D:3)
  A ball python (D:2)
  13 bats
  6 giant cockroaches
  10 goblins
  A goblin (shapeshifter) (D:2)
  8 hobgoblins
  7 jackals
  12 kobolds
  6 giant newts
  8 rats
93 creatures vanquished.

Vanquished Creatures (collateral kills)
  Jessica (D:3)
1 creature vanquished.

Grand Total: 94 creatures vanquished

Notes
Turn   | Place    | Note
--------------------------------------------------------------
     0 | D:1      | gorblad the Deep Elf Chaos Knight began the quest for the Orb.
     0 | D:1      | Reached XP level 1. HP: 13/13 MP: 3/3
   186 | D:1      | XOM: mild Pois miscast
   301 | D:1      | Reached XP level 2. HP: 18/18 MP: 4/4
   487 | D:1      | XOM: divination: detect items
   946 | D:1      | Reached XP level 3. HP: 14/23 MP: 5/5
   992 | D:1      | XOM: divination: detect creatures
   993 | D:1      | XOM: colour smoke trail
  1093 | D:2      | XOM: stealth player
  1612 | D:2      | XOM: polymorph hobgoblin -> river rat
  1626 | D:2      | Reached skill level 4 in Fighting
  1626 | D:2      | Reached XP level 4. HP: 8/29 MP: 6/6
  1632 | D:2      | Gained mutation: You possess an exceptional clarity of mind. [mutagenic meat]
  2586 | D:3      | XOM: give mutations
  2586 | D:3      | Gained mutation: You are weak. (Str -2) [Xom's mischief]
  2586 | D:3      | Gained mutation: Your body sometimes deteriorates upon taking damage. [Xom's mischief]
  2586 | D:3      | Gained mutation: You occasionally shout uncontrollably at your foes. [Xom's mischief]
  2586 | D:3      | Gained mutation: Scrolls take you a little longer to read. [Xom's mischief]
  2589 | D:3      | Reached XP level 5. HP: 11/33 MP: 7/7
  2621 | D:3      | XOM: silly message
  2698 | D:3      | XOM: 3-stop teleportation journey
  2909 | D:3      | XOM: torment (17/33 hp)
  2973 | D:3      | Noticed Jessica
  2977 | D:3      | XOM: summons 2 friendly demons
  2979 | D:3      | Killed Jessica
  3092 | D:3      | XOM: divination: detect creatures
  3147 | D:3      | Reached skill level 5 in Dodging
  3226 | D:3      | XOM: harmless Conj miscast
  3248 | D:3      | Found an opulent altar of Gozag.
  3440 | D:4      | Reached skill level 6 in Dodging
  3440 | D:4      | Reached XP level 6. HP: 26/38 MP: 8/8
  3465 | D:4      | Killed from afar by an orc priest

Action                   |  1- 3 |  4- 6 || total
-------------------------+-------+-------++-------
Melee: Short sword       |   180 |   166 ||   346
  Use: Scroll            |       |    10 ||    10
       Potion            |       |     2 ||     2
 Stab: Paralysed         |     2 |       ||     2
       Petrifying        |     2 |       ||     2
       Sleeping          |       |     4 ||     4
  Eat: Chunk             |     2 |     7 ||     9
